 Dungeon Crawl Stone Soup version 0.27-a0-522-g46bbb28828 (webtiles) character file.

Game seed: 8277574327732178955

735 tilp the Insei (level 7, 0/48 HPs)
             Began as an Octopode Transmuter on Mar 5, 2021.
             Slain by a sky beast (6 damage)
             ... on level 5 of the Dungeon.
             The game lasted 00:07:38 (6245 turns).

tilp the Insei (Octopode Transmuter)                Turns: 6245, Time: 00:07:39

Health: 0/48       AC:  1    Str: 15    XL:     7   Next: 74%
Magic:  8/11       EV: 13    Int: 24    God:
Gold:   197        SH:  0    Dex: 12    Spells: 5/11 levels left

rFire    . . .     SeeInvis .     - Unarmed
rCold    . . .     Faith    .   (no shield)
rNeg     . . .     Spirit   .   (helmet currently unavailable)
rPois    .         Reflect  .   (no amulet)
rElec    .         Harm     .   d - +6 ring of strength
rCorr    .         Rampage  .   c - +6 ring of intelligence
Will     .....                  (no ring)
Stlth    +++.......             (no ring)
HPRegen  0.16/turn              (no ring)
MPRegen  0.12/turn              (no ring)
                                (no ring)
                                (no ring)

@: about to teleport, appendages, wereblooded
A: almost no armour, amphibious, 8 rings, constrict 8, tentacle spike 3,
camouflage 1, gelatinous body 1, nimble swimmer 1
a: End Transformation


You were on level 5 of the Dungeon.
One of your tentacles had a temporary spike.
You visited 1 branch of the dungeon, and saw 5 of its levels.

You collected 197 gold pieces.

Inventory:

Missiles
 h - 10 boomerangs
 j - 6 poisoned darts (quivered)
 p - 3 javelins
Jewellery
 c - a +6 ring of intelligence (right tentacle)
 d - a +6 ring of strength (left tentacle)
 t - a ring of fire
Wands
 s - a wand of paralysis (8)
Scrolls
 i - a scroll of amnesia {unknown}
 k - 2 scrolls of enchant armour {unknown}
 l - a scroll of random uselessness {unknown}
 r - a scroll of magic mapping {unknown}
Potions
 a - 2 potions of cancellation
 b - 2 potions of lignification
 e - 2 potions of brilliance
 m - 2 potions of curing
 n - a potion of resistance
 q - a potion of haste {unknown}


   Skills:
 - Level 4.0 Fighting
 - Level 2.0 Dodging
 - Level 4.0 Stealth
 - Level 6.0 Unarmed Combat
 + Level 2.6 Spellcasting
 * Level 3.4 Transmutations
 - Level 2.0 Poison Magic


You had 5 spell levels left.
You knew the following spells:

 Your Spells              Type           Power        Failure   Level
a - Beastly Appendage     Tmut           38%          2%          1
b - Wereblood             Tmut           19%          4%          2
c - Spider Form           Tmut/Pois      8%           11%         3

Your spell library contained the following spells:

 Spells                   Type           Power        Failure   Level
 Ice Form                 Ice/Tmut       11%          50%         4
 Blade Hands              Tmut           9%           58%         5


Dungeon Overview and Level Annotations

Branches:
Dungeon (5/15)
 Temple: D:4-7

Altars:
Elyvilon
Uskayaw

Annotations:
D:2 dig vault, 1 runed translucent door, Crazy Yiuf


Innate Abilities, Weirdness & Mutations

You cannot wear most types of armour.
You are amphibious.
You can wear up to eight rings at the same time.
You can use your tentacles to constrict eight enemies at once.
Your skin changes colour to match your surroundings (Stealth+).
Your rubbery body absorbs attacks. (AC +1, EV +1)
You are stealthy while swimming. (Stealth+)
One of your tentacles bears a large vicious spike.


Message History

The gnoll closely misses you.
You barely miss the gnoll.
The gnoll is severely wounded.
You constrict the gnoll.
Unknown command.
You tentacle-slap the gnoll.
You kill the gnoll!
You howl as the wereblood boils in your veins!
Something hits you. Something shocks you.
You closely miss the scorpion. You grab the scorpion.
You constrict the scorpion, but do no damage.
The scorpion stings you! Something hits you but does no damage.
You tentacle-slap the scorpion.
You pierce the scorpion.
The scorpion is moderately wounded.
You constrict the scorpion. The scorpion stings you!
You tentacle-slap the scorpion.
You pierce the scorpion, but do no damage.
You tentacle-slap the scorpion.
The scorpion is severely wounded.
You constrict the scorpion. Something hits you. Something shocks you.
* * * LOW HITPOINT WARNING * * *
The scorpion stings you!
* * * LOW HITPOINT WARNING * * *
You feel much better.
You constrict the scorpion. Something hits you. Something shocks you.
* * * LOW HITPOINT WARNING * * *
The scorpion stings you.
* * * LOW HITPOINT WARNING * * *
Unknown command.
As you read the scroll of teleportation, it crumbles to dust.
You feel strangely unstable.
You constrict the scorpion.
You kill the scorpion!
The gnoll sergeant hits you from afar with a +0 trident.
* * * LOW HITPOINT WARNING * * *
A sky beast appears from thin air!
Reactivating autopickup.
The sky beast hits you.
* * * LOW HITPOINT WARNING * * *
The sky beast shocks you.
You die...

#........#.# #....##.#...#.#.#
#.######.#.# #.........#...#.#
#.######'#'#####...##...#S..#.#
..............##...##...#Y..#.#
#.#####.......#######...#<..#.#
#.# #.......# #...##..#.# #.#
####.#### #.......#.# #.#
#.###########....#†#)# #.#
#...gg)@Y........#...# #.#
######g##########......#
#.######...##....###...##.....#
#....##.....##...##.....#####.#
####.#.......#s..#.......# #.#
#.#.......'...'....(..# #.#
#.#.......#g..#.......# #.#
#.##.....##...##.....## #>#
#.###...###...###...## ###


You could see a sky beast, a gnoll sergeant and 2 gnolls.

Vanquished Creatures
  An ogre (D:4)
  3 scorpions
  4 orc priests
  A hound (D:4)
  An iguana (D:5)
  2 worker ants (D:4)
  5 orc wizards
  A gnoll (D:5)
  9 adders
  A white imp (D:5)
  An adder zombie (D:5)
  3 worms
  A dart slug (D:2)
  4 leopard geckos
  19 orcs
  A giant cockroach (D:2)
  2 goblins
  8 hobgoblins
  6 kobolds
  A quokka (D:5)
  2 ball pythons
  5 bats
  7 frilled lizards
  A jackal zombie (D:4)
  8 rats
97 creatures vanquished.

Notes
Turn   | Place    | Note
-------+----------+-------------------------------------------
     0 | D:1      | tilp the Octopode Transmuter began the quest for the Orb.
     0 | D:1      | Reached XP level 1. HP: 13/13 MP: 3/3
    29 | D:1      | Reached skill level 1 in Stealth
   196 | D:1      | Reached XP level 2. HP: 13/18 MP: 3/5
   200 | D:1      | Learned a level 2 spell: Wereblood
  1028 | D:2      | Reached XP level 3. HP: 14/23 MP: 3/6
  2283 | D:2      | Reached XP level 4. HP: 29/29 MP: 7/7
  2621 | D:2      | Found a runed translucent door.
  2622 | D:2      | Noticed Crazy Yiuf
  2772 | D:3      | Learned a level 3 spell: Spider Form
  3298 | D:3      | Reached XP level 5. HP: 35/35 MP: 4/8
  3328 | D:3      | Reached skill level 4 in Unarmed Combat
  4368 | D:3      | Reached XP level 6. HP: 42/42 MP: 5/9
  4859 | D:4      | Reached skill level 5 in Unarmed Combat
  5269 | D:4      | Reached XP level 7. HP: 47/48 MP: 6/10
  5278 | D:4      | Reached skill level 6 in Unarmed Combat
  5445 | D:4      | Found a white marble altar of Elyvilon.
  5483 | D:4      | Reached skill level 1 in Poison Magic
  5672 | D:5      | Entered Level 5 of the Dungeon
  5996 | D:5      | Found a hide-covered altar of Uskayaw.
  6245 | D:5      | Slain by a sky beast

Illustrated notes

Levels and vault maps discovered:
D:1:      beargit_arrival_greenhouse, layout_basic, grunt_decor_fettered
D:2:      layout_loops_corners, minmay_surrounded, uniq_crazy_yiuf_cottage
D:3:      layout_rooms
D:4:      layout_loops_cross, elyvilon_altar_1
D:5:      kennysheep_six_static_rooms, layout_basic, nemelex_altar_shiori,
          eat_drink_and_be_merry_uskayaw

Skill      XL: |  1  2  3  4  5  6  7 |
---------------+----------------------+-----
Stealth        | 2 3 4 |  4.0
Fighting       | 2 3 4 |  4.0
Unarmed Combat | 4 5 6 |  6.0
Poison Magic   | 2 |  2.0
Transmutations | 3 |  3.4
Dodging        | |  2.0
Spellcasting   | |  2.6

Action                   |  1- 3 |  4- 6 |  7- 9 || total
-------------------------+-------+-------+-------++-------
Melee: Unarmed           |    74 |    87 |    47 ||   208
       Constrict         |    21 |    29 |    14 ||    64
       Tentacles         |    12 |    15 |     9 ||    36
       Kick              |     2 |    26 |     8 ||    36
       Punch             |     1 |     3 |     4 ||     8
Throw: Dart              |       |    33 |    16 ||    49
       Boomerang         |       |       |     1 ||     1
 Cast: Beastly Appendage |     4 |    18 |     9 ||    31
       Wereblood         |     2 |     8 |     2 ||    12
  Use: Scroll            |       |     5 |     2 ||     7
       Potion            |       |       |     1 ||     1
 Stab: Sleeping          |     9 |     5 |     3 ||    17
Armor: Skin              |     3 |     2 |     2 ||     7
Dodge: Dodged            |    37 |    44 |    19 ||   100

Table legend: (Time is in decaauts)
 A = Elapsed time spent in this place.
 B = Non-inter-level travel time spent in this place.
 C = Inter-level travel time spent in this place.
 D = Time resting spent in this place.
 E = Time spent auto-exploring this place.
 F = Levels seen in this place.
 G = Mean time per level.
                   A        B        C        D        E       F      G
               +--------+--------+--------+--------+--------+-----+--------+
         Total |   6229 |   6047 |    182 |   1698 |   3573 |   5 | 1245.8 |
       Dungeon |   6229 |   6047 |    182 |   1698 |   3573 |   5 | 1245.8 |
               +--------+--------+--------+--------+--------+-----+--------+

Top non-repeatable levels by time:
     D:2: 1876 daAuts
     D:3: 1538 daAuts
     D:4: 1235 daAuts
     D:1: 1015 daAuts
     D:5: 563 daAuts
